 Dungeon Crawl Stone Soup version 0.21-a0-186-g02e8684 (webtiles) character file.

14433 mmmkay the Cruncher (level 11, -3/105 HPs)
             Began as a Minotaur Wanderer on Aug 13, 2017.
             Was an Initiate of Gozag.
             Killed from afar by a rime drake (20 damage)
             ... with a flash freeze
             ... on level 11 of the Dungeon.
             The game lasted 00:16:06 (11185 turns).

mmmkay the Cruncher (Minotaur Wanderer)            Turns: 11185, Time: 00:16:07

Health: -3/105     AC: 10    Str: 22    XL:     11   Next: 88%
Magic:  10/10      EV: 16    Int:  8    God:    Gozag
Gold:   726        SH:  0    Dex: 12    Spells: 10/10 levels left

rFire    + . .     SeeInvis .   K - +1 quarterstaff (drain)
rCold    + + .     Gourm    .   (shield currently unavailable)
rNeg     . . .     Faith    .   u - +1 leather armour {rC+}
rPois    +         Spirit   .   (helmet restricted)
rElec    +         Reflect  .   P - +0 cloak of Analysis {Slay+5}
rCorr    +         Harm     .   y - +0 pair of gloves
MR       .....                  p - +1 pair of boots
Stlth    ++........             U - amulet of regeneration
HPRegen  0.67/turn              S - +3 ring of strength
MPRegen  0.12/turn              N - ring of stealth

@: resistant, gold aura, flying
A: retaliatory headbutt, horns 2
a: Potion Petition, Call Merchant, Bribe Branch, Renounce Religion


You were on level 11 of the Dungeon.
You worshipped Gozag.
Gozag was pleased with you.
You were not hungry.

You visited 2 branches of the dungeon, and saw 12 of its levels.

You collected 1627 gold pieces.
You paid 901 gold pieces to Gozag.

Inventory:

Hand Weapons
 a - a +3 quarterstaff
 e - a +0 dagger
 I - a +2 hunting sling of velocity
 K - a +1 quarterstaff of draining (weapon)
 O - a +0 morningstar
 X - a +0 blowgun
 Y - a +1 short sword of draining
Missiles
 g - 15 tomahawks (quivered)
 i - 175 stones
 j - 70 poisoned needles
 l - 42 sling bullets
 n - 4 tomahawks of returning
 z - 13 javelins
 Z - 5 curare-tipped needles
Armour
 p - a +1 pair of boots (worn)
 u - a +1 leather armour of cold resistance (worn)
 y - a +0 pair of gloves (worn)
 P - the +0 cloak of Analysis (worn) {Slay+5}
   (You found it on level 8 of the Dungeon)

   It affects your accuracy and damage with ranged weapons and melee attacks
   (+5).
 T - a +0 plate armour
Jewellery
 d - an uncursed amulet of guardian spirit {unknown}
 t - an uncursed ring of fire {unknown}
 v - an uncursed ring of magical power
 E - an uncursed ring of see invisible {unknown}
 N - a ring of stealth (right hand)
 S - a +3 ring of strength (left hand)
 U - an amulet of regeneration (around neck)
Wands
 k - a wand of enslavement (7/24)
 F - a wand of lightning (7/15)
 G - a wand of iceblast (15/15)
 H - a wand of flame (24/48)
 L - a wand of acid (12/15)
 R - a wand of confusion (25/48)
 V - a wand of acid (9/15)
Scrolls
 b - 4 scrolls of enchant weapon
 q - a scroll of holy word {unknown}
 x - a scroll of identify
 A - a scroll of blinking
 B - a scroll of remove curse
 C - a scroll of amnesia
 D - 2 scrolls of fog
Potions
 c - a potion of lignification
 o - a potion of might
 r - a potion of brilliance
 w - a potion of mutation
 M - 2 potions of flight
 Q - 2 potions of berserk rage {unknown}
Comestibles
 f - 5 bread rations
 h - 11 royal jellies
 m - 8 fruits
 s - 5 meat rations


   Skills:
 + Level 12.7 Fighting
 - Level 14.6 Staves
 + Level 8.8 Armour
 + Level 8.1 Dodging
 - Level 1.5 Stealth
   Level 1.2 Shields


You had 10 spell levels left.
You didn't know any spells.

Dungeon Overview and Level Annotations

Branches:
Dungeon (11/15)            Temple (1/1) D:5            Lair (0/6) D:11
    Orc: D:9-12

Altars:
Ashenzari
Dithmenos
Elyvilon
Fedhas
Gozag
Hepliaklqana
Kikubaaqudgha
Makhleb
Nemelex Xobeh
Okawaru
Qazlal
Ru
Sif Muna
Trog
Uskayaw
Vehumet
Wu Jian
Xom
Zin
The Shining One

Shops:
D:8 ?   D:9 }

Portals:
Ice
Cave: D:11

Annotations:
D:11 Psyche


Innate Abilities, Weirdness & Mutations

You reflexively headbutt those who attack you in melee.
You have a pair of horns on your head.


Message History

You fly up into the air.
The ice encasing you melts away.
It was a potion of resistance.
You feel protected. The rime drake closely misses you. You furiously retaliate!
You headbutt the rime drake! The rime drake misses you.
You thump the rime drake! You drain the rime drake!
You kill the rime drake!
You hear the quick crackling of a melting archway.
You hear an angry hiss.
The rime drake hisses angrily.
You see here 19 gold pieces.
Unknown command.
You thump the rime drake! You drain the rime drake!
You headbutt the rime drake!
The rime drake is almost dead.
The rime drake breathes ice at you. The flash freeze hits you!
You partially resist.
You die...
Your body crumbles into a pile of gold.

***,,..## #*,,,,...##
##.,≈≈≈≈≈..# #..#####≈..#********
#.....∩#≈..,,...,,,*
#≈.....#≈.#,....,,,*
*******###.#≈..%#≈.#.......,*****
*,,,,,,....≈#≈.k#..[.......,',,,,
*,*,****#.##≈#..@.##.......,*****
*,,,,,,.#.....≈..##*#.....#**
***,,,,.'......### #.....#
*,***.#......# #.....#
*,,,,,#......######...[.#
*,,,,.#......#...##.....#####
*,,.,........#...##.........#
***,.,.##......#...##.........###
,,,>..,'...........'.............


You could see a rime drake.

Vanquished Creatures
  A death knight (D:11)
  2 two-headed ogres (D:8)
  3 death yaks (D:11)
  Nergalle (D:11)
  Sonja (D:10)
  A phantasmal warrior (D:11)
  An ugly thing (D:11)
  Joseph (D:8)
  A gargoyle (D:10)
  A rime drake (D:11)
  A freezing wraith (D:11)
  A troll (D:10)
  A queen bee (D:8)
  Grinder (D:3)
  4 slime creatures (D:11)
  A hippogriff (D:11)
  A shadow (D:11)
  3 yaks (D:11)
  2 wraiths (D:11)
  A hungry ghost (D:10)
  Duvessa (D:4)
  3 ice beasts
  A sky beast (D:6)
  2 necrophages
  2 black bears (D:7)
  An orc warrior (D:7)
  5 ogres
  6 centaurs
  4 big kobolds
  3 bullfrogs
  Dowan (D:4)
  3 scorpions
  16 killer bees (D:8)
  6 howler monkeys
  4 crimson imps
  A centaur zombie (D:9)
  4 hounds
  5 jellies
  A bullfrog skeleton (D:4)
  2 centaur skeletons
  4 orc priests
  Ijyb (D:4)
  2 iguanas (D:6)
  4 orc wizards
  6 worker ants
  2 hound zombies
  A hound skeleton (D:6)
  Robin (D:3)
  4 gnolls
  10 adders
  A shadow imp (D:7)
  An ooze (D:4)
  3 worms
  2 dart slugs
  8 leopard geckos
  25 orcs
  5 giant cockroaches
  10 hobgoblins
  6 jackals
  2 quokkas
  9 bats
  6 frilled lizards
  A giant cockroach zombie (D:5)
  13 goblins
  21 kobolds
  4 rats
252 creatures vanquished.

Notes
Turn   | Place    | Note
-------+----------+-------------------------------------------
     0 | D:1      | mmmkay the Minotaur Wanderer began the quest for the Orb.
     0 | D:1      | mmmkay set off with: a +2 quarterstaff, a potion of curing, a potion of lignification, a +0 robe, a +0 dagger, a bread ration
     0 | D:1      | Reached XP level 1. HP: 18/18 MP: 0/0
   275 | D:1      | Found a sparkling altar of Nemelex Xobeh.
   279 | D:1      | Reached skill level 4 in Staves
   307 | D:1      | Reached XP level 2. HP: 24/25 MP: 1/1
   652 | D:1      | Reached skill level 5 in Staves
   843 | D:2      | Reached XP level 3. HP: 18/30 MP: 2/2
  1596 | D:2      | Found a faded altar of an unknown god.
  2035 | D:3      | Noticed Grinder
  2035 | D:3      | Noticed Robin
  2043 | D:3      | Reached XP level 4. HP: 37/37 MP: 3/3
  2067 | D:3      | Killed Robin
  2067 | D:3      | Reached skill level 6 in Staves
  2086 | D:3      | HP: 1/37 [Grinder (1)]
  2087 | D:3      | Killed Grinder
  2087 | D:3      | Reached skill level 7 in Staves
  2087 | D:3      | Reached XP level 5. HP: 2/45 MP: 4/4
  2087 | D:3      | Reached XP level 6. HP: 2/51 MP: 5/5
  2293 | D:3      | Reached skill level 8 in Staves
  2560 | D:3      | Reached skill level 1 in Armour
  3604 | D:4      | Noticed Ijyb
  3614 | D:4      | Killed Ijyb
  3672 | D:4      | Reached XP level 7. HP: 58/58 MP: 6/6
  3682 | D:4      | Noticed Duvessa
  3683 | D:4      | Noticed Dowan
  3698 | D:4      | Killed Duvessa
  3698 | D:4      | Reached skill level 9 in Staves
  3706 | D:4      | Killed Dowan
  4216 | D:4      | Found a glowing silver altar of Zin.
  4483 | D:4      | Reached skill level 10 in Staves
  4511 | D:4      | Reached skill level 5 in Fighting
  4689 | D:5      | Entered Level 5 of the Dungeon
  4797 | D:5      | Reached XP level 8. HP: 69/69 MP: 7/7
  5064 | D:5      | Found a staircase to the Ecumenical Temple.
  5075 | Temple   | Entered the Ecumenical Temple
  5215 | Temple   | Became a worshipper of Gozag Ym Sagoz the Greedy
  5426 | D:5      | Reached skill level 11 in Staves
  6007 | D:6      | Found a deep blue altar of Sif Muna.
  6323 | D:6      | Reached skill level 12 in Staves
  6640 | D:7      | Reached XP level 9. HP: 79/79 MP: 8/8
  7172 | D:7      | Reached skill level 13 in Staves
  7426 | D:8      | Noticed a two-headed ogre
  7437 | D:8      | Killed a two-headed ogre
  7585 | D:8      | Reached skill level 14 in Staves
  7617 | D:8      | Noticed a queen bee
  7625 | D:8      | Reached XP level 10. HP: 44/91 MP: 9/9
  7770 | D:8      | Noticed Joseph
  8126 | D:8      | Killed Joseph
  8138 | D:8      | Got a distressingly furry cloak
  8144 | D:8      | Identified the +0 cloak of Analysis {Slay+5} (You found it on level 8 of the Dungeon)
  8447 | D:8      | Reached skill level 10 in Fighting
  8579 | D:8      | Found Cogie's Magic Scroll Emporium.
  8913 | D:8      | Noticed a two-headed ogre
  8919 | D:8      | Killed a two-headed ogre
  9378 | D:9      | Found Betesonk's Gadget Shoppe.
  9666 | D:10     | Entered Level 10 of the Dungeon
  9752 | D:10     | Noticed Sonja
  9784 | D:10     | Killed Sonja
  9784 | D:10     | Reached skill level 5 in Armour
  9784 | D:10     | Reached skill level 5 in Dodging
  9944 | D:10     | Noticed a gargoyle
  9954 | D:10     | Killed a gargoyle
  9954 | D:10     | Reached XP level 11. HP: 33/102 MP: 10/10
 10630 | D:11     | Noticed a death yak
 10634 | D:11     | Found a staircase to the Lair.
 10634 | D:11     | Noticed a death yak
 10636 | D:11     | Noticed a death yak
 10666 | D:11     | Noticed a brown ugly thing
 10672 | D:11     | Noticed Nergalle
 10682 | D:11     | Killed a death yak
 10687 | D:11     | Killed a death yak
 10697 | D:11     | Killed a brown ugly thing
 10714 | D:11     | Killed a death yak
 10723 | D:11     | Killed Nergalle
 11009 | D:11     | Noticed a phantasmal warrior
 11020 | D:11     | Noticed a death knight
 11025 | D:11     | Killed a phantasmal warrior
 11124 | D:11     | Killed a death knight
 11153 | D:11     | Noticed Psyche
 11176 | D:11     | Found a frozen archway.
 11185 | D:11     | Killed from afar by a rime drake

Vault maps used:
D:1:      minmay_arrival_doors, nemelex_altar_shiori
D:2:      chequers_ecumenical_altar_grove
D:3:      uniq_grinder, uniq_robin
D:4:      kennysheep_mini_moat, uniq_duvessa, uniq_ijyb
D:5:      minmay_temple_entry_overgrown, first_bread
D:6:      basic_altar
D:8:      serial_shops, nicolae_shop_behind_doors, david_nohive_1, uniq_joseph
D:9:      serial_shops, shop_statue
D:10:     uniq_sonja
D:11:     dpeg_lair_monsters, serial_glass, glass_columns_c, glass_columns_b,
          glass_columns_a, special_room, portal_ice_cave_rime, uniq_psyche,
          uniq_nergalle
Temple:   minmay_crystal_snake_temple

Skill      XL: |  1  2  3  4  5  6  7  8  9 10 11 |
---------------+----------------------------------+-----
Staves         | 4 5 7 8 10 12 14 | 14.6
Fighting       | 3 5 7 9 11 12 | 12.7
Armour         | 1 5 8 |  8.8
Dodging        | 5 8 |  8.1
Stealth        | |  1.5
Shields        | |  1.2

Action                   |  1- 3 |  4- 6 |  7- 9 | 10-12 || total
-------------------------+-------+-------+-------+-------++-------
Melee: Quarterstaff      |    54 |    90 |   276 |   245 ||   665
       Headbutt          |     6 |    17 |    37 |    67 ||   127
Throw: Tomahawk          |       |     2 |     2 |       ||     4
Invok: Potion Petition   |       |       |     1 |     1 ||     2
  Use: Scroll            |     4 |       |    10 |     6 ||    20
       Potion            |       |     3 |     7 |     9 ||    19
 Stab: Sleeping          |     4 |     4 |     3 |       ||    11
       Distracted        |       |       |     4 |     1 ||     5
  Eat: Chunk             |     3 |     5 |     5 |       ||    13
       Meat ration       |       |       |     1 |       ||     1
       Fruit             |       |       |     1 |       ||     1
       Royal jelly       |       |       |     1 |     1 ||     2
       Bread ration      |       |       |       |     3 ||     3
Armor: Robe              |     5 |       |       |       ||     5
       Leather armour    |     3 |    29 |    70 |    43 ||   145
Dodge: Dodged            |    47 |    39 |   119 |   115 ||   320
